AoeStats
← Bandolero

Arabia

509972259Analyzed
1v1 RM · 2d ago on Sep 28, 2026· 37m 6s· 2 players
Game mode
Random Map
Map size
Tiny (2 player)
Population
200
Speed
Normal
Resources
Standard
Victory
Conquest
Starting age
Dark Age
Ending age
Imperial Age
RankedLock teamsTeams togetherTeam positionsShared explorationLock speedFull tech treeHidden civsTurbo modeCheats
Victory
Defeat
🇦🇷 Vikings · Argentina
1396
+15
🇦🇷 Maya · Argentina
1373
-15
Bandolero
0:26 Loom
9:21 Feudal Age
10:34 Double-Bit Axe
14:32 Fletching
17:58 Scale Mail Armor
18:42 Padded Archer Armor
23:14 Castle Age
22:31 Horse Collar
23:19 Crossbowman
23:58 Bodkin Arrow
24:15 Bow Saw
26:18 Wheelbarrow
25:28 Town Watch
28:46 Eagle Warrior
31:24 Chain Mail Armor
33:26 Forging
34:05 Squires
36:43 Iron Casting
ZePP
7:09 Loom
9:42 Feudal Age
10:59 Man-at-Arms
14:38 Town Watch
15:45 Fletching
16:27 Padded Archer Armor
17:12 Arson
23:49 Castle Age
22:17 Gold Mining
23:51 Elite Skirmisher
24:27 Bodkin Arrow
25:25 Leather Archer Armor
25:08 Double-Bit Axe
26:32 Squires
27:52 Bow Saw
28:35 Scale Mail Armor
29:21 Stone Mining
30:42 Chain Mail Armor
31:31 Forging
Connection lost

Rejoining the realm…

Still unreachable

The connection could not be restored.

Session expired

The server has moved on; the page needs a fresh start.